 Dungeon Crawl Stone Soup version 0.23-a0-130-g0e7800e (webtiles) character file.

18 Amnesiac the Gusty (level 2, 0/19 HPs)
             Began as a Mummy Air Elementalist on Aug 27, 2018.
             Slain by a gnoll (8 damage)
             ... on level 2 of the Dungeon.
             The game lasted 00:01:08 (416 turns).

Amnesiac the Gusty (Mummy Air Elementalist)          Turns: 416, Time: 00:01:09

Health: 0/19       AC:  2    Str: 11    XL:     2   Next: 51%
Magic:  0/6        EV: 12    Int: 14    God:
Gold:   17         SH:  0    Dex: 12    Spells: 4/7 levels left

rFire    x . .     SeeInvis .   (no weapon)
rCold    + . .     Gourm    .   (no shield)
rNeg     + + +     Faith    .   a - +0 robe
rPois    ∞         Spirit   .   (no helmet)
rElec    .         Reflect  .   (no cloak)
rCorr    .         Harm     .   (no gloves)
MR       .....                  (no boots)
Stlth    ++........             (no amulet)
HPRegen  0.06/turn              (no ring)
MPRegen  0.10/turn              (no ring)

@: very slightly contaminated
A: no food or potions, fire vulnerability, cold resistance 1, negative energy
resistance 3, torment resistance, unbreathing
a: no special abilities


You were on level 2 of the Dungeon.
You were not hungry.

You visited 1 branch of the dungeon, and saw 2 of its levels.

You collected 17 gold pieces.

Inventory:

Armour
 a - a +0 robe (worn)
 c - a +0 cloak
Jewellery
 e - an uncursed ring of poison resistance {unknown}
Scrolls
 b - a scroll of identify {!r, unknown}
 d - a scroll of remove curse {!r, unknown}


   Skills:
 - Level 1.5 Dodging
 - Level 1.5 Stealth
 + Level 3.0 Spellcasting
 - Level 0.7 Conjurations
 * Level 3.1 Air Magic


You had 4 spell levels left.
You knew the following spells:

 Your Spells              Type           Power        Failure   Level  Hunger
a - Shock                 Conj/Air       #...         10%         1    N/A
z - Swiftness             Chrm/Air       #.......     17%         2    N/A

Your spell library contained the following spells:

 Spells                   Type           Power        Failure   Level  Hunger
 Static Discharge         Conj/Air       #.......     28%         3    N/A
 Airstrike                Air            ##........   52%         4    N/A
 Lightning Bolt           Conj/Air       #.........   95%         5    N/A

Dungeon Overview and Level Annotations

Branches:
Dungeon (2/15)

Altars:


Innate Abilities, Weirdness & Mutations

You do not eat or drink.
Your flesh is vulnerable to fire.
You are immune to poison.
Your flesh is cold resistant. (rC+)
You are immune to negative energy. (rN+++)
You are immune to unholy pain and torment.
You can survive without breathing.


Message History

The zap hits the gnoll.
The gnoll appears unharmed.
The gnoll is severely wounded.
The zap hits the gnoll.
The gnoll is almost dead.
Casting: Shock (safe; 11% risk of failure)
Confirm with . or Enter, or press ? or * to list all spells.
Aiming: Shock (safe; 11% risk of failure)
Press: ? - help, Shift-Dir - straight line, f/p - gnoll
Aim: a gnoll, wielding a halberd (almost dead)
The zap hits the gnoll.
You kill the gnoll!
Your Spellcasting skill increases to level 3!
Your Air Magic skill increases to level 3!
You start resting.
A gnoll comes into view. It is wielding a club.
A gnoll is nearby!
A gnoll is nearby!
Casting: Shock (safe; 10% risk of failure)
Confirm with . or Enter, or press ? or * to list all spells.
You don't have enough magic to cast that spell.
Casting: Shock (safe; 10% risk of failure)
Confirm with . or Enter, or press ? or * to list all spells.
You don't have enough magic to cast that spell.
A gnoll comes into view.
A gnoll is nearby!
Casting: Shock (safe; 10% risk of failure)
Confirm with . or Enter, or press ? or * to list all spells.
Aiming: Shock (safe; 10% risk of failure)
Press: ? - help, Shift-Dir - straight line, f - gnoll
Aim: a gnoll, wielding a club The zap hits the gnoll.
The gnoll is lightly wounded.
The zap hits the gnoll.
The gnoll is moderately wounded.
Unknown command.
Casting: Shock (safe; 10% risk of failure)
Confirm with . or Enter, or press ? or * to list all spells.
Aiming: Shock (safe; 10% risk of failure)
Press: ? - help, Shift-Dir - straight line, f/p - gnoll
Aim: a gnoll, wielding a club (moderately wounded)
You miscast Shock.
You are very lightly contaminated with residual magic.
Nothing appears to happen.
Unknown command.
The gnoll shouts!
You hear a shout!
You closely miss the gnoll. The gnoll hits you but does no damage.
The gnoll misses you.
Unknown command.
The gnoll hits you with a club!
* * * LOW HITPOINT WARNING * * *
Casting: Shock (safe; 10% risk of failure)
Confirm with . or Enter, or press ? or * to list all spells.
Aiming: Shock (safe; 10% risk of failure)
Press: ? - help, Shift-Dir - straight line, f/p - gnoll
Aim: a gnoll, wielding a club (moderately wounded)
The zap misses the gnoll.
The zap hits the gnoll.
The gnoll is lightly wounded.
The zap hits the gnoll.
The gnoll is moderately wounded.
The zap hits the gnoll.
The gnoll is heavily wounded.
Unknown command.
The gnoll hits you!
You die...

##################
.##..............#
.##.#####..#####.#
....#####..#####.#
...............#@####
)...#####..#.#..gg.[#
.##.#####..#..(#.##.#
.##..%.......<)..##.###
###############.......#
#.###.#.# #.###.#.#
#.##..#.## #........#


You could see 2 gnolls.

Vanquished Creatures
  A gnoll (D:2)
  A giant cockroach (D:2)
  A goblin (D:2)
  2 hobgoblins
  A jackal (D:1)
  A kobold (D:1)
7 creatures vanquished.

Notes
Turn   | Place    | Note
-------+----------+-------------------------------------------
     0 | D:1      | Amnesiac the Mummy Air Elementalist began the quest for the
                  | Orb.
     0 | D:1      | Reached XP level 1. HP: 13/13 MP: 4/4
   326 | D:2      | Reached XP level 2. HP: 16/19 MP: 1/5
   360 | D:2      | Learned a level 2 spell: Swiftness
   416 | D:2      | Slain by a gnoll

Vault maps used:
D:1:      dpeg_arrival_three_same_balls, minivault_14, minmay_pentomino_p4

Skill      XL: |  1  2 |
---------------+-------+-----
Spellcasting   | 3 |  3.0
Air Magic      | 3 |  3.1
Dodging        | |  1.5
Stealth        | |  1.5
Conjurations   | |  0.7

Action                   || total
-------------------------++-------
Melee: Unarmed           ||     1
 Cast: Shock             ||    18
Armor: Robe              ||     1
Dodge: Dodged            ||     7

Table legend:
 A = Non-vault XP
 B = Vault XP
 C = Vault XP percentage of total XP
 D = Non-vault monster count
 E = Vault monster count
 F = Vault count percentage of total count
                 A         B        C        D         E       F
            +---------+---------+-------+---------+---------+-------
      Total |      27 |       0 |   0.0 |       7 |       0 |   0.0
            +---------+---------+-------+---------+---------+-------
        D:1 |       6 |       0 |   0.0 |       3 |       0 |   0.0
        D:2 |      21 |       0 |   0.0 |       4 |       0 |   0.0
            +---------+---------+-------+---------+---------+-------
